 Dungeon Sprint DCSS version 0.21.2 (webtiles) character file.

483 Fang the Cleaver (level 7, 0/52 HPs)
             Began as a Gargoyle Berserker on Sept 27, 2018.
             Was a High Priest of Trog.
             Killed by divine providence
             ... invoked by an orc priest
              (12 damage)
             ... in the Dungeon (Sprint VII: "The Pits").
             The game lasted 00:01:16 (867 turns).

Fang the Cleaver (Gargoyle Berserker)                Turns: 867, Time: 00:01:16

Health: 0/52       AC: 17    Str: 23    XL:     7   Next: 12%
Magic:  7/7        EV:  9    Int:  7    God:    Trog [*****.]
Gold:   0          SH:  0    Dex:  9    Spells: 6/6 levels left

rFire    . . .     SeeInvis .   m - +1 hand axe (chop)
rCold    . . .     Gourm    .   (no shield)
rNeg     + . .     Faith    .   n - +3 chain mail
rPois    ∞         Spirit   .   (no helmet)
rElec    +         Reflect  .   (no cloak)
rCorr    .         Harm     .   (no gloves)
MR       .....     NoTele   +   (no boots)
Stlth    ..........             (no amulet)
HPRegen  0.17/turn              (no ring)
MPRegen  0.10/turn              (no ring)

@: fainting
A: negative energy resistance 1, electricity resistance, unbreathing,
petrification resistance, rot immunity, AC +4
a: Berserk, Trog's Hand, Brothers in Arms, Burn Spellbooks, Renounce Religion


You were in the Dungeon.
You worshipped Trog.
Trog was extremely pleased with you.
You were fainting.

You visited 1 branch

Inventory:

Hand Weapons
 j - a +2 hand axe
 m - a +1 hand axe of chopping (weapon)
Armour
 n - a +3 chain mail (worn)
Scrolls
 i - a scroll of blinking
 k - 3 scrolls of remove curse
 l - a scroll of summoning
Potions
 a - 2 potions of invisibility
 d - 6 potions of curing
 e - 6 potions of heal wounds
 f - a potion of haste
 g - 4 potions of magic
 h - 3 potions of berserk rage
Comestibles
 c - 9 rations


   Skills:
 + Level 9.7 Fighting
 + Level 10.0 Axes
 + Level 5.2 Armour
 + Level 3.7 Dodging
 + Level 1.2 Stealth


You had 6 spell levels left.
You didn't know any spells.

Dungeon Overview and Level Annotations

Branches:
Dungeon (1/1)

Altars:
Cheibriados
Dithmenos
Elyvilon
Fedhas
Gozag
Hepliaklqana
Makhleb
Nemelex Xobeh
Okawaru
Qazlal
Ru
Sif Muna
Trog
Vehumet
Wu Jian
Xom
Yredelemnul
Zin
The Shining One
Beogh
Jiyva
Lugonu


Innate Abilities, Weirdness & Mutations

You are resistant to torment.
Your stone body is resilient. (AC +4)
You are immune to poison.
You resist negative energy. (rN+)
You are resistant to electric shocks. (rElec)
You can survive without breathing.
You are immune to petrification.
You are immune to rotting.


Message History

The hungry ghost barely misses you. The orc priest completely misses you.
You miss the hungry ghost.
The hungry ghost is moderately damaged.
The hungry ghost completely misses you.
You hit the hungry ghost.
The hungry ghost is heavily damaged.
The orc priest hits you from afar with a trident.
You hit the hungry ghost.
The hungry ghost is heavily damaged.
The hungry ghost hits you.
You are fainting from starvation!
The orc priest invokes the aid of Beogh against you.
Beogh smites you!
* * * LOW HITPOINT WARNING * * *
You closely miss the hungry ghost.
The hungry ghost is heavily damaged.
The hungry ghost hits you.
You feel slightly more hungry.
The orc priest invokes the aid of Beogh against you.
Beogh smites you!
You die...

#.#..#..#[[##.......#
#.##'#÷.#'###...<...#
#.#........##.......#
#.#........##.......#
#'###########.......#
#)).....#.. #########
#...#...#o#
#...#...#W#
#.##.##.#@#
#...#...#.+
#...#...#'#
#......)'.#
###########


You could see a hungry ghost and an orc priest.

Vanquished Creatures
  A soldier ant (D)
  An ice beast (D)
  A sky beast (D)
  A necrophage (D)
  A crimson imp (D)
  An orc wizard (D)
  An adder (D)
  A gnoll (D)
  2 river rats (D)
  A leopard gecko (D)
  5 orcs (D)
  A giant cockroach (D)
  2 goblins (D)
  A bat (D)
  A frilled lizard (D)
  A rat (D)
22 creatures vanquished.

Notes
Turn   | Place    | Note
-------+----------+-------------------------------------------
     0 | D        | Fang the Gargoyle Berserker began the quest for the Orb.
     0 | D        | Reached XP level 1. HP: 14/14 MP: 1/1
    21 | D        | Reached skill level 3 in Axes
    91 | D        | Found a bloodstained altar of Trog.
    91 | D        | Found a deep blue altar of Sif Muna.
    91 | D        | Found a viscous altar of Jiyva.
    91 | D        | Found a hazy altar of Hepliaklqana.
    91 | D        | Found an opulent altar of Gozag.
    92 | D        | Found a glowing golden altar of the Shining One.
    92 | D        | Found a glowing silver altar of Zin.
    92 | D        | Found a basalt altar of Yredelemnul.
    92 | D        | Found a shimmering altar of Xom.
    92 | D        | Found an ornate altar of the Wu Jian Council.
    92 | D        | Found a sacrificial altar of Ru.
    92 | D        | Found a stormy altar of Qazlal.
    92 | D        | Found an iron altar of Okawaru.
    92 | D        | Found a sparkling altar of Nemelex Xobeh.
    92 | D        | Found a burning altar of Makhleb.
    92 | D        | Found a blossoming altar of Fedhas.
    92 | D        | Found a white marble altar of Elyvilon.
    92 | D        | Found a shadowy altar of Dithmenos.
    92 | D        | Found a snail-covered altar of Cheibriados.
    94 | D        | Found a radiant altar of Vehumet.
    94 | D        | Found a corrupted altar of Lugonu.
    94 | D        | Found a roughly hewn altar of Beogh.
   139 | D        | Reached ** piety under Trog
   215 | D        | Reached skill level 4 in Axes
   215 | D        | Reached XP level 2. HP: 20/20 MP: 2/2
   229 | D        | Reached *** piety under Trog
   229 | D        | Reached skill level 5 in Fighting
   229 | D        | Reached XP level 3. HP: 24/26 MP: 3/3
   501 | D        | Noticed a necrophage
   502 | D        | Noticed a sky beast
   504 | D        | Reached **** piety under Trog
   507 | D        | Reached skill level 5 in Axes
   509 | D        | Killed a necrophage
   509 | D        | Reached skill level 6 in Axes
   509 | D        | Reached XP level 4. HP: 34/34 MP: 4/4
   509 | D        | Reached XP level 5. HP: 38/38 MP: 5/5
   511 | D        | Killed a sky beast
   511 | D        | Reached skill level 8 in Axes
   514 | D        | Reached ***** piety under Trog
   514 | D        | Reached XP level 6. HP: 45/45 MP: 6/6
   652 | D        | Noticed an ice beast
   657 | D        | Killed an ice beast
   657 | D        | Received a gift from Trog
   657 | D        | Reached skill level 9 in Axes
   657 | D        | Reached skill level 1 in Stealth
   803 | D        | Noticed a soldier ant
   808 | D        | Killed a soldier ant
   808 | D        | Reached skill level 10 in Axes
   808 | D        | Reached skill level 5 in Armour
   808 | D        | Reached XP level 7. HP: 52/52 MP: 7/7
   849 | D        | Noticed a hungry ghost
   867 | D        | Killed from afar by an orc priest

Skill      XL: |  1  2  3  4  5  6 |
---------------+-------------------+-----
Axes           | 4 6 8 10 | 10.0
Fighting       | 4 5 7 8 9 |  9.7
Dodging        | 2 3 |  3.7
Armour         | 3 4 5 |  5.2
Stealth        | 1 |  1.2

Action                   |  1- 3 |  4- 6 |  7- 9 || total
-------------------------+-------+-------+-------++-------
Melee: Hand axe          |    34 |    21 |    17 ||    72
Invok: Berserk           |     2 |     2 |       ||     4
  Eat: Chunk             |       |     2 |       ||     2
Armor: Animal skin       |     5 |       |       ||     5
       Chain mail        |     1 |    13 |    11 ||    25
Dodge: Dodged            |    24 |     8 |     6 ||    38
